 Seeded DCSS version 0.29.0-13-gc9e81de378 (webtiles) character file.

Game seed: 14846226368771913210 (custom seed)

1089 Iusername the Slasher (level 8, 0/70 HPs)
             Began as a Minotaur Fighter on Sept 7, 2022.
             Was a Follower of Dithmenos.
             Slain by an acid dragon (5 damage)
             ... on level 7 of the Dungeon.
             The game lasted 00:08:16 (5779 turns).

Iusername the Slasher (Minotaur Fighter)            Turns: 5779, Time: 00:08:16

Health: 0/70       AC:  0    Str: 21    XL:     8   Next: 9%
Magic:  7/7        EV: 10    Int:  5    God:    Dithmenos [*.....]
Gold:   334        SH:  0    Dex: 12    Spells: 7/7 levels left

rFire   + + .      SeeInvis .   n - +6 great sword of Cuxyt {vorpal, rF++}
rCold   . . .      Faith    .   (shield currently unavailable)
rNeg    . . .      Spirit   .   b - +0 scale mail
rPois   .          Reflect  .   (helmet restricted)
rElec   .          Harm     .   (no cloak)
rCorr   .          Rampage  .   (no gloves)
Will    .....                   (no boots)
Stlth   ..........              (no amulet)
HPRegen 0.21/turn               (no ring)
MPRegen 0.10/turn               (no ring)

@: corroded, wreathed by umbra
A: horns 2, retaliatory headbutt
a: Renounce Religion


You were on level 7 of the Dungeon.
You worshipped Dithmenos.
Dithmenos was aware of your devotion.
You visited 2 branches of the dungeon, and saw 8 of its levels.

You collected 334 gold pieces.

Inventory:

Hand Weapons
 a - a +0 long sword
 n - the +6 great sword of Cuxyt (weapon) {vorpal, rF++}
   (You acquired it on level 5 of the Dungeon)

   It inflicts extra damage upon your enemies.
   rF:        It greatly protects you from fire.
Missiles
 y - 2 throwing nets (quivered)
Armour
 b - a +0 scale mail (worn)
Jewellery
 l - a +6 ring of intelligence
 r - a ring of wizardry
Wands
 c - a wand of roots (9)
Scrolls
 f - 2 scrolls of torment
 h - 2 scrolls of poison
 i - 4 scrolls of teleportation
 k - a scroll of identify
 m - a scroll of enchant weapon
 s - 2 scrolls of silence {unknown}
 u - a scroll of vulnerability {unknown}
 v - 2 scrolls of blinking {unknown}
 w - a scroll of brand weapon {unknown}
 x - 2 scrolls of fog {unknown}
Potions
 d - 2 potions of heal wounds {unknown}
 e - a potion of lignification {unknown}
 j - 2 potions of brilliance {unknown}
 o - 2 potions of attraction {unknown}
 p - a potion of berserk rage {unknown}
 q - a potion of cancellation {unknown}
 t - a potion of magic
 z - 2 potions of mutation {unknown}
 A - a potion of haste {unknown}
 B - 2 potions of degeneration {unknown}
 C - a potion of resistance {unknown}
 D - 2 potions of flight {unknown}


   Skills:
 + Level 5.8 Fighting
 + Level 7.8 Long Blades
 + Level 6.6 Armour
 + Level 2.2 Dodging
 + Level 0.4 Stealth
 + Level 5.0 Shields


You had 7 spell levels left.
You didn't know any spells.
Your spell library contained the following spells:

 Spells                   Type           Power      Damage    Failure   Level
 Sting                    Tmut/Pois      0%         1d3       78%         1
 Poisonous Vapours        Pois/Air       0%         N/A       89%         2
 Call Canine Familiar     Summ           0%         N/A       98%         3
 Dazzling Flash           Conj/Hex       0%         N/A       98%         3
 Gell's Gravitas          Tloc           0%         N/A       98%         3
 Lesser Beckoning         Tloc           0%         N/A       98%         3
 Portal Projectile        Hex/Tloc       0%         N/A       98%         3
 Teleport Other           Tloc           0%         N/A       98%         3
 Airstrike                Air            0%         2d(0-16)  100%        4
 Leda's Liquefaction      Hex/Erth       0%         N/A       100%        4
 Olgreb's Toxic Radiance  Pois           0%         N/A       100%        4
 Summon Lightning Spire   Summ/Air       0%         N/A       100%        4
 Agony                    Necr           0%         N/A       100%        5
 Iskenderun's Battlesphe  Conj           0%         2d6       100%        5
 Lightning Bolt           Conj/Air       0%         1d11      100%        5
 Silence                  Hex/Air        0%         N/A       100%        5
 Iron Shot                Conj/Erth      0%         9d1       100%        6
 Spellforged Servitor     Conj/Summ      0%         N/A       100%        7


Dungeon Overview and Level Annotations

Branches:
Dungeon (7/15)             Temple (1/1) D:4

Altars:
Ashenzari
Cheibriados
Dithmenos
Elyvilon
Hepliaklqana
Kikubaaqudgha
Makhleb
Nemelex Xobeh
Okawaru
Qazlal
Ru
Vehumet
Wu Jian
Xom
Yredelemnul
Zin


Innate Abilities, Weirdness & Mutations

You have a pair of horns on your head.
You reflexively headbutt those who attack you in melee.


Message History

No target in view!
There is a stone staircase leading down here.
You climb downwards.
The acid dragon roars!
Found 15 gold pieces, a dagger and 9 stones.
Found a stone staircase leading down.
There is a stone staircase leading up here.
An acid dragon is nearby!
Found a scale mail.
The acid dragon spits acid at you. The splash of acid hits you!!
The acid corrodes you!
You hear an angry hiss.
An acid dragon is nearby!
An acid dragon is nearby!
You hit the acid dragon.
The acid dragon is lightly wounded.
The acid dragon misses you. The acid dragon claws you.
You closely miss the acid dragon.
The acid dragon is lightly wounded.
The acid dragon spits acid at you. The splash of acid hits you!!
* * * LOW HITPOINT WARNING * * *
The acid corrodes you!
You hear a shout!
You hear an angry hiss.
You feel better. The acid dragon bites you. The acid dragon claws you.
You hit the acid dragon but do no damage.
The acid dragon is lightly wounded.
The acid dragon barely misses you. The acid dragon claws you.
* * * LOW HITPOINT WARNING * * *
You hit the acid dragon. Your headbutt misses the acid dragon.
The acid dragon is moderately wounded.
The acid dragon closely misses you. The acid dragon claws you.
* * * LOW HITPOINT WARNING * * *
The acid dragon spits acid at you. The splash of acid hits you!
* * * LOW HITPOINT WARNING * * *
You hear a shout! x3
It was a potion of magic.
Magic courses through your body. The acid dragon bites you.
You die...

.......
#######.......
#.[...........
#.....(.......
#.............
#...........#
#.....D...>#
#.....@....#
#.)........#
#...$......#
#...<......#
############


You could see an acid dragon (catching breath).

Vanquished Creatures
  2 sky beasts
  An ice beast (D:6)
  An ogre (D:6)
  A bullfrog (D:6)
  3 necrophages
  A scorpion (D:6)
  2 orc priests (D:6)
  2 iguanas
  2 orc wizards (D:5)
  6 adders
  8 gnolls (D:6)
  A shadow imp (D:6)
  A white imp (D:6)
  An ufetubus (D:6)
  A worm (D:3)
  A dart slug (D:3)
  11 orcs
  8 ball pythons
  A bat zombie (D:4)
  7 endoplasms
  9 giant cockroaches
  7 goblins
  6 hobgoblins
  2 jackals (D:4)
  8 kobolds
  2 quokkas
  2 bats
  5 frilled lizards
  9 rats
111 creatures vanquished.

Notes
Turn   | Place    | Note
-------+----------+-------------------------------------------
     0 | D:1      | Iusername the Minotaur Fighter began the quest for the Orb.
     0 | D:1      | Reached XP level 1. HP: 19/19 MP: 0/0
    11 | D:1      | Found a faded altar of an unknown god.
   347 | D:1      | Reached XP level 2. HP: 27/27 MP: 1/1
   881 | D:1      | Reached XP level 3. HP: 28/33 MP: 2/2
  1327 | D:2      | Reached skill level 3 in Long Blades
  1924 | D:2      | Reached XP level 4. HP: 40/40 MP: 3/3
  2903 | D:4      | Found a staircase to the Ecumenical Temple.
  2939 | Temple   | Entered the Ecumenical Temple
  2982 | Temple   | Became a worshipper of Dithmenos the Shadowed
  3024 | D:4      | Found an ancient bone altar of Kikubaaqudgha.
  3659 | D:5      | Entered Level 5 of the Dungeon
  3670 | D:5      | Found a sparkling altar of Nemelex Xobeh.
  3694 | D:5      | Reached XP level 5. HP: 38/47 MP: 4/4
  3696 | D:5      | Reached skill level 4 in Long Blades
  3867 | D:5      | Found a broken altar of Ashenzari.
  3917 | D:5      | Reached skill level 5 in Armour
  3928 | D:5      | Noticed a sky beast
  3954 | D:5      | Killed a sky beast
  3955 | D:5      | Reached skill level 1 in Dodging
  3955 | D:5      | Reached XP level 6. HP: 21/55 MP: 5/5
  4360 | D:5      | Identified a scroll of acquirement
  4361 | D:5      | Acquired the +6 great sword of Cuxyt {vorpal, rF++}
  4432 | D:5      | Reached skill level 5 in Long Blades
  4873 | D:6      | Reached skill level 5 in Fighting
  4917 | D:6      | Noticed a sky beast
  4922 | D:6      | Killed a sky beast
  4923 | D:6      | Reached skill level 6 in Long Blades
  4923 | D:6      | Reached XP level 7. HP: 48/61 MP: 6/6
  4991 | D:6      | Reached * piety under Dithmenos
  5158 | D:6      | Reached skill level 5 in Shields
  5409 | D:6      | Reached skill level 7 in Long Blades
  5513 | D:6      | Reached XP level 8. HP: 69/70 MP: 7/7
  5779 | D:7      | Slain by an acid dragon

Illustrated notes

Levels and vault maps discovered:
D:1:      lightli_arrival_statue_moat, layout_basic, basic_ecumenical_altar
D:2:      layout_loops_cross
D:3:      layout_loops_ring
D:4:      nicolae_cairo_tiling, layout_loops_cross,
          lemuel_zombie_altar_kikubaaqudgha, minmay_temple_entry_stoned_glass,
          minivault_11
D:5:      layout_basic, lemuel_crystal_altar, nemelex_xobeh_ov_fountains_minmay,
          minmay_misc_feat_ornament
D:6:      layout_loops_ring, nicolae_underground_beach
D:7:      layout_rooms, hangedman_feature_mirror
Temple:   nicolae_temple_bog_church

Skill      XL: |  1  2  3  4  5  6  7 |
---------------+----------------------+-----
Fighting       | 4 5 |  5.8
Shields        | 4 5 |  5.0
Long Blades    | 3 4 6 7 |  7.8
Armour         | 4 5 6 |  6.6
Dodging        | 1 2 |  2.2
Stealth        | |  0.4

Action                   |  1- 3 |  4- 6 |  7- 9 || total
-------------------------+-------+-------+-------++-------
Melee: Long sword        |    74 |   116 |       ||   190
       Headbutt          |     6 |    12 |     4 ||    22
       Great sword       |       |    19 |    35 ||    54
  Use: Potion            |     2 |     3 |     2 ||     7
       Scroll            |       |     7 |       ||     7
Armor: Scale mail        |    32 |    69 |     6 ||   107
Dodge: Dodged            |    47 |    67 |    17 ||   131
Block: Buckler           |    19 |    28 |       ||    47
